 Dungeon Crawl Stone Soup version 0.21-a0-421-gfc1ce30 (webtiles) character file.

10 Meenos the Chiller (level 2, 15/15 HPs)
             Began as a Gargoyle Ice Elementalist on Nov 2, 2017.
             Got out of the dungeon alive.
             The game lasted 00:11:34 (276 turns).

Meenos the Chiller (Gargoyle Ice Elementalist)       Turns: 276, Time: 00:11:35

Health: 15/15      AC:  4    Str: 11    XL:     2   Next: 20%
Magic:  3/5        EV: 12    Int: 15    God:
Gold:   26         SH:  0    Dex: 10    Spells: 4/5 levels left

rFire    . . .     SeeInvis .   (no weapon)
rCold    . . .     Gourm    .   (no shield)
rNeg     + . .     Faith    .   a - +0 robe
rPois    ∞         Spirit   .   (no helmet)
rElec    +         Reflect  .   (no cloak)
rCorr    .         Harm     .   (no gloves)
MR       .....                  (no boots)
Stlth    ++........             (no amulet)
HPRegen  0.05/turn              (no ring)
MPRegen  0.09/turn              (no ring)

@: no status effects
A: negative energy resistance 1, electricity resistance, unbreathing,
petrification resistance, rot immunity, AC +2
a: no special abilities


You escaped.
You were not hungry.

You visited 1 branch of the dungeon, and saw 1 of its levels.

You collected 26 gold pieces.

Inventory:

Armour
 a - a +0 robe (worn)
Potions
 d - 2 potions of heal wounds {unknown}
Books
 b - a book of Frost

   Spells                             Type                      Level
   a - Freeze                         Ice                          1
   b - Throw Frost                    Conjuration/Ice              2
   c - Ozocubu's Armour               Charms/Ice                   3
   d - Throw Icicle                   Conjuration/Ice              4
   e - Summon Ice Beast               Ice/Summoning                4
Comestibles
 c - a bread ration


   Skills:
 + Level 1.7 Dodging
 + Level 2.2 Stealth
 + Level 2.4 Spellcasting
   Level 1.1 Conjurations
 + Level 3.1 Ice Magic


You had 4 spell levels left.
You knew the following spells:

 Your Spells              Type           Power        Failure   Level  Hunger
a - Freeze                Ice            ##..         6%          1    #......


Dungeon Overview and Level Annotations

Branches:
Dungeon (1/15)

Altars:


Innate Abilities, Weirdness & Mutations

You are resistant to torment.
Your stone body is resilient. (AC +2)
You are immune to poison.
You resist negative energy. (rN+)
You are resistant to electric shocks. (rElec)
You can survive without breathing.
You are immune to petrification.
You are immune to rotting.


Message History

Press: ? - help, Shift-Dir - straight line, f - hobgoblin
Aim: a hobgoblin You freeze the hobgoblin.
The hobgoblin is lightly wounded.
The hobgoblin barely misses you.
Casting: Freeze
Confirm with . or Enter, or press ? or * to list all spells.
Aiming: Freeze
Press: ? - help, Shift-Dir - straight line, f/p - hobgoblin
Aim: a hobgoblin (lightly wounded)
You freeze the hobgoblin.
You kill the hobgoblin!
HP restored.
You enter the shallow water.
Moving in this stuff is going to be slow.
Your magical contamination has completely faded away.
There is a large open door here.
There is a staircase leading out of the dungeon here.
Are you sure you want to leave the Dungeon?
This will make you lose the game!
You have escaped!

#..#.###.###..##..#†....
#########..#.###.###.......)....
#...............................
####......≈≈≈≈≈≈≈≈≈≈.....##..#.
###.#..≈8≈≈≈≈≈≈8≈.##..##....
#.#..≈≈8≈≈≈≈8≈≈..#..##..#.
#.#..≈≈≈####≈§≈...........
#.#..≈≈≈#..'≈≈≈.....###...
#.#..≈§≈#@.'≈≈≈.....# ##..
#.###≈≈≈####≈§§.§...# #. #.#
#≈≈8≈≈≈≈8§≈..#..# #.#
#≈8≈≈≈≈≈≈8§###.... #.#
#≈≈≈≈≈≈≈≈≈≈# #.### #.#
############ .. #.########
#)........ ###.......


There were no monsters in sight!

Vanquished Creatures
  A leopard gecko (D:1)
  A goblin (D:1)
  4 hobgoblins (D:1)
  A bat (D:1)
  A frilled lizard (D:1)
8 creatures vanquished.

Notes
Turn   | Place    | Note
-------+----------+-------------------------------------------
     0 | D:1      | Meenos the Gargoyle Ice Elementalist began the quest for the Orb.
     0 | D:1      | Reached XP level 1. HP: 10/10 MP: 3/3
    55 | D:1      | Reached XP level 2. HP: 8/15 MP: 0/5
   186 | D:1      | Upgraded the game from 0.21-a0-414-gba8bdf1 to 0.21-a0-421-gfc1ce30
   276 | D:$      | Got out of the dungeon alive.

Vault maps used:
D:1:      lightli_arrival_boilingwater, minivault_27, minmay_pentomino_w2

Action                   || total
-------------------------++-------
Melee: Unarmed           ||    26
 Cast: Freeze            ||    11
Armor: Robe              ||     5
Dodge: Dodged            ||    24

Table legend:
 A = Spawn XP
 B = Non-spawn XP
 C = Spawn XP percentage of total XP
 D = Spawn monster count
 E = Non-spawn monster count
 F = Spawn count percentage of total count
 G = Total turns spent on level
                    A         B        C        D         E        F      G
               +---------+---------+-------+---------+---------+-------+---------
         Total |       0 |      15 |   0.0 |       0 |       8 |   0.0 |   276
               +---------+---------+-------+---------+---------+-------+---------
           D:1 |       0 |      15 |   0.0 |       0 |       8 |   0.0 |   276
               +---------+---------+-------+---------+---------+-------+---------
